[Event "Titled Tuesday Blitz May 31 Early 2022"]
[White "Molina, Roberto Junio Brito"]
[Black "Korchmar, Vasiliy"]
[WhiteFideId "2109450"]
[BlackFideId "24131750"]
[WhiteElo "2432"]
[BlackElo "2370"]
[Result "1-0"]
[Round "10"]
[TimeControl "180+1"]
[Date "2022.05.31"]
[WhiteClock "0:00:31"]
[BlackClock "0:00:01"]

1. d4 d5 2. c4 c6 3. Nf3 Nf6 4. Nc3 e6 5. Bg5 Be7 6. e3 Nbd7 7. Bd3 dxc4 8. Bxc4 b5 9. Be2 Bb7 10. O-O a6 11. a4 b4 12. Na2 O-O 13. Nc1 c5 14. Nb3 Ne4 15. Bxe7 Qxe7 16. Bd3 cxd4 17. exd4 Bd5 18. Qe2 Nxf2 19. Rxf2 Bxb3 20. Bxa6 Nb6 21. a5 Nd7 22. Bb7 Ra7 23. a6 Qd6 24. Qb5 Rb8 25. Rc1 Bd5 26. Ne5 Nxe5 27. dxe5 Qxe5 28. Qb6 Raa8 29. Bxa8 Bxa8 30. Qc7 Qxc7 31. Rxc7 b3 32. Rfxf7 Be4 33. Rxg7+ Kh8 34. Rgd7 Rg8 35. g3 Rf8 36. a7 h5 37. Rd4 Bf5 38. Rb4 Bh3 39. Rb8 1-0


[Site "https://www.chess.com"]

[Event "Titled Tuesday Blitz May 31 Early 2022"]
[White "Namitbir Singh Walia"]
[Black "Bobomurodova, Maftuna"]
[WhiteFideId "35071068"]
[BlackFideId "14207400"]
[WhiteElo "1565"]
[BlackElo "1548"]
[Result "1/2-1/2"]
[Round "10"]
[TimeControl "180+1"]
[Date "2022.06.01"]
[WhiteClock "0:00:03"]
[BlackClock "0:00:13"]

1. d4 Nf6 2. c4 e6 3. g3 d5 4. Bg2 c5 5. cxd5 exd5 6. Nf3 Nc6 7. O-O Be7 8. dxc5 Bxc5 9. b3 O-O 10. Bb2 Be6 11. e3 Be7 12. Nc3 a6 13. Ne2 Rc8 14. Rc1 Nb4 15. a3 Nc6 16. Ned4 Nxd4 17. Nxd4 Qd7 18. Nxe6 fxe6 19. Qd4 Bd6 20. Rfd1 Qe7 21. b4 Nd7 22. Bxd5 Be5 23. Qd2 exd5 24. Qxd5+ Kh8 25. Qxb7 Rxc1 26. Bxc1 Qf6 27. f4 Nb8 28. fxe5 Qxe5 29. Rf1 Rg8 30. Qg2 Nd7 31. Qd2 Nf6 32. Bb2 Ne4 33. Bxe5 Nxd2 34. Rf4 Re8 35. Bc3 Nb1 36. Bb2 Kg8 37. e4 Nd2 38. e5 g5 39. Rf2 Nc4 40. Re2 Nxb2 41. Rxb2 Rxe5 42. Kf2 Kf7 43. Re2 Rd5 44. Ke3 Ke6 45. Rd2 Re5+ 46. Kf3 Kf7 47. Kg4 Re3 48. a4 Re4+ 49. Kxg5 Rxb4 50. Rd7+ Kg8 51. Kh6 Rb6+ 52. Kh5 Rb4 53. Rd8+ Kg7 54. Rd7+ Kg8 55. Kh6 Rb6+ 56. Kh5 Rb4 1/2-1/2


[Site "https://www.chess.com"]

[Event "Titled Tuesday Blitz May 31 Early 2022"]
[White "Omelja, Artem"]
[Black "Jaferian, Koosha"]
[WhiteFideId "14119846"]
[BlackFideId "12507440"]
[WhiteElo "2382"]
[BlackElo "2030"]
[Result "1-0"]
[Round "10"]
[TimeControl "180+1"]
[Date "2022.06.01"]
[WhiteClock "0:00:12"]
[BlackClock "0:00:41"]

1. d4 Nf6 2. c4 e6 3. Nf3 b6 4. a3 Bb7 5. Nc3 d5 6. Bg5 Be7 7. e3 dxc4 8. Bxc4 Nbd7 9. O-O O-O 10. Qe2 c5 11. Rfd1 Qc8 12. Rac1 Rd8 13. h3 Bc6 14. Ba6 Bb7 15. Bd3 Bc6 16. Ne5 Nxe5 17. dxe5 Nd5 18. Nxd5 Bxg5 19. Qh5 g6 20. Qxg5 Bxd5 21. h4 Rd7 22. Bb5 Rc7 23. h5 a6 24. Be2 Rd7 25. h6 Qd8 26. Qf4 Qe7 27. e4 Bc6 28. Rxd7 Bxd7 29. Rd1 Rf8 30. Rd6 f6 31. Qd2 Be8 32. Bc4 Bf7 33. Rd7 Qe8 34. exf6 b5 35. Re7 Qc8 36. Be2 Rd8 37. Qf4 c4 38. Bf3 c3 39. bxc3 Qxc3 40. Qc7 Rf8 41. Qxc3 b4 42. Qe3 bxa3 43. Qxa3 g5 44. Rxf7 Rxf7 45. Qxa6 Rf8 46. Qxe6+ Rf7 47. Qxf7+ Kxf7 48. e5 Ke6 49. Bd5+ Kxd5 50. f7 Ke6 51. f8=Q Kxe5 52. Qg7+ Kf4 53. Qxh7 Kg4 54. Qg7 Kh5 55. Qxg5+ Kxg5 56. h7 Kg6 57. h8=Q Kg5 58. Qh3 Kf4 59. Qg3+ 1-0


[Site "https://www.chess.com"]

[Event "Titled Tuesday Blitz May 31 Early 2022"]
[White "Oparin, Grigoriy"]
[Black "Andreikin, Dmitry"]
[WhiteFideId "24125890"]
[BlackFideId "4158814"]
[WhiteElo "2665"]
[BlackElo "2736"]
[Result "1/2-1/2"]
[Round "10"]
[TimeControl "180+1"]
[Date "2022.05.31"]
[WhiteClock "0:00:09"]
[BlackClock "0:00:09"]

1. Nf3 Nf6 2. g3 b5 3. e3 a6 4. Bg2 Bb7 5. b3 e6 6. O-O Be7 7. Bb2 O-O 8. c4 bxc4 9. bxc4 c5 10. Nc3 Nc6 11. Rb1 Rb8 12. Qa4 Qa5 13. Rfd1 Ba8 14. Ba3 Ne4 15. Qxa5 Nxa5 16. Nxe4 Rxb1 17. Rxb1 Bxe4 18. Rc1 Rb8 19. d4 Rc8 20. Nd2 Bxg2 21. Kxg2 Kf8 22. d5 Rb8 23. e4 d6 24. Nb3 Nxb3 25. Rb1 exd5 26. exd5 f5 27. Rxb3 Rxb3 28. axb3 g5 29. Bc1 Kf7 30. f3 g4 31. h3 h5 32. Bf4 Kg6 33. h4 Bf8 34. Kf2 Be7 35. Ke2 Bf8 36. Kf2 Be7 37. Ke3 Kf7 38. fxg4 fxg4 39. Ke4 Kg6 40. Bd2 Bf6 41. Bf4 Be7 42. Bd2 Bf6 43. Bf4 Be7 1/2-1/2


[Site "https://www.chess.com"]

[Event "Titled Tuesday Blitz May 31 Early 2022"]
[White "Pakleza, Zbigniew"]
[Black "Royal, Shreyas"]
[WhiteFideId "1119290"]
[BlackFideId "448869"]
[WhiteElo "2467"]
[BlackElo "1986"]
[Result "1-0"]
[Round "10"]
[TimeControl "180+1"]
[Date "2022.05.31"]
[WhiteClock "0:00:04"]
[BlackClock "0:00:16"]

1. d4 Nf6 2. Nf3 d5 3. Bf4 c5 4. c3 Nc6 5. Nbd2 g6 6. e3 Bg7 7. Be2 O-O 8. O-O Nh5 9. Bg5 Nf6 10. h3 Bf5 11. dxc5 Ne4 12. Nxe4 Bxe4 13. Nd4 a5 14. Qa4 Qc7 15. Rfd1 Ne5 16. Qb5 Rfc8 17. b4 Nc6 18. Bf1 e5 19. Nb3 a4 20. Nd2 Bc2 21. Rdc1 Bf5 22. a3 e4 23. Ra2 Be5 24. Qe2 f6 25. Bh4 g5 26. Bg3 Bxg3 27. fxg3 Qxg3 28. Qf2 Qxf2+ 29. Kxf2 Ne5 30. Rd1 b6 31. cxb6 Rxc3 32. b7 Rb8 33. Ba6 Nd3+ 34. Kg1 d4 35. Nf1 Rc6 36. b5 Rd6 37. exd4 Rxd4 38. Ne3 Be6 39. Rc2 Rdd8 40. Rc6 Bb3 41. Rd2 Kf7 42. g4 Ne5 43. Rxd8 Nf3+ 44. Kf2 Rxd8 45. b6 h5 46. Rc7+ Kg6 47. Rc8 Rd2+ 48. Be2 Nd4 49. b8=Q Rxe2+ 50. Kf1 Re1+ 51. Kxe1 Nf3+ 52. Kf2 1-0


[Site "https://www.chess.com"]

[Event "Titled Tuesday Blitz May 31 Early 2022"]
[White "Perez Gormaz, Matias"]
[Black "Sargissyan, Sargis"]
[WhiteFideId "3406342"]
[BlackFideId "13303210"]
[WhiteElo "2341"]
[BlackElo "2174"]
[Result "1-0"]
[Round "10"]
[TimeControl "180+1"]
[Date "2022.06.01"]
[WhiteClock "0:00:15"]
[BlackClock "0:00:12"]

1. e4 e5 2. Nf3 Nc6 3. Bb5 a6 4. Ba4 Nf6 5. d3 d6 6. c3 g6 7. O-O Bg7 8. h3 O-O 9. Re1 Re8 10. Be3 b5 11. Bc2 d5 12. Nbd2 h6 13. a4 Be6 14. Nb3 Nd7 15. Qd2 Kh7 16. d4 exd4 17. Nbxd4 Nxd4 18. Nxd4 Nb6 19. Nxe6 Rxe6 20. Bxb6 Rxb6 21. exd5 Rd6 22. Be4 bxa4 23. Rxa4 c6 24. c4 cxd5 25. Bxd5 Rb8 26. b4 Qd7 27. Qa2 Bc3 28. Rb1 Bd4 29. Bf3 Qe6 30. Rd1 Qe5 31. c5 Rd7 32. c6 Re7 33. b5 Qe1+ 34. Rxe1 Rxe1+ 35. Kh2 Be5+ 36. g3 axb5 37. Qxf7+ 1-0


[Site "https://www.chess.com"]

[Event "Titled Tuesday Blitz May 31 Early 2022"]
[White "Petrova, Irina"]
[Black "Melian, Juan Sebastian"]
[WhiteFideId "14124122"]
[BlackFideId "3706575"]
[WhiteElo "1993"]
[BlackElo "1851"]
[Result "1-0"]
[Round "10"]
[TimeControl "180+1"]
[Date "2022.06.01"]
[WhiteClock "0:00:34"]
[BlackClock "0:00:02"]

1. e4 c5 2. Nf3 Nc6 3. Bb5 g6 4. Bxc6 bxc6 5. O-O Bg7 6. c3 Nf6 7. Re1 O-O 8. d4 cxd4 9. cxd4 d5 10. e5 Ne4 11. Nc3 Nxc3 12. bxc3 Rb8 13. Bd2 Bf5 14. h3 Qb6 15. Qc1 Qa6 16. Bh6 Rb7 17. Bxg7 Kxg7 18. Nd2 Rbb8 19. Nb3 Qc4 20. Nc5 Rb5 21. a4 Rbb8 22. g4 Bc8 23. Qd2 h5 24. f3 Rh8 25. Kg2 Ba6 26. Rab1 h4 27. Qc2 Rb6 28. Nd7 Rb7 29. Rxb7 Bxb7 30. Nc5 Ba6 31. Rb1 Rf8 32. Qd2 Rd8 33. Qe1 Rc8 34. Rb4 Qf1+ 35. Qxf1 Bxf1+ 36. Kxf1 a5 37. Rb7 Kf8 38. Ke2 g5 39. Kd2 Ra8 40. Kc2 Ke8 41. Kb3 Kd8 42. Rd7+ Ke8 43. Rc7 Rb8+ 44. Kc2 f6 45. exf6 Rb6 46. Rxe7+ Kd8 47. Ne6+ Kc8 48. f7 Rb8 49. f8=Q# 1-0


[Site "https://www.chess.com"]

[Event "Titled Tuesday Blitz May 31 Early 2022"]
[White "Petrovskyi, Vadym"]
[Black "Harsha Bharathakoti"]
[WhiteFideId "14165210"]
[BlackFideId "5078776"]
[WhiteElo "2400"]
[BlackElo "2575"]
[Result "1-0"]
[Round "10"]
[TimeControl "180+1"]
[Date "2022.05.31"]
[WhiteClock "0:01:19"]
[BlackClock "0:00:18"]

1. e4 c6 2. d4 d5 3. Nc3 dxe4 4. Nxe4 Nf6 5. Nxf6+ exf6 6. c3 Bd6 7. Bd3 O-O 8. Qc2 Re8+ 9. Ne2 h5 10. Be3 Nd7 11. O-O Nf8 12. Rfe1 h4 13. h3 Be6 14. c4 Rc8 15. Nc3 Bb8 16. f4 Qa5 17. Qf2 Ng6 18. f5 Bg3 19. Qf1 Bxe1 20. Rxe1 Bxf5 21. Qxf5 Qb6 22. Qf2 Qb4 23. a3 Qb3 24. Qc2 Qxc2 25. Bxc2 Rcd8 26. Kf2 a6 27. Rd1 Re7 28. d5 Ne5 29. d6 Ree8 30. c5 Nc4 31. Bc1 Re5 32. b4 a5 33. Bd3 axb4 34. axb4 b5 35. Bxc4 bxc4 36. Na4 Kf8 37. Nb6 Re4 38. b5 cxb5 39. c6 1-0


[Site "https://www.chess.com"]

[Event "Titled Tuesday Blitz May 31 Early 2022"]
[White "Pires, Marcos Vinicius Torsani"]
[Black "Mitrovic, Darko R"]
[WhiteFideId "2118939"]
[BlackFideId "927023"]
[WhiteElo "2273"]
[BlackElo "2150"]
[Result "0-1"]
[Round "10"]
[TimeControl "180+1"]
[Date "2022.06.01"]
[WhiteClock "0:00:24"]
[BlackClock "0:00:03"]

1. e4 e6 2. d4 d5 3. exd5 exd5 4. Bd3 Nf6 5. h3 Bd6 6. Qf3 O-O 7. Ne2 Ne4 8. Bxe4 dxe4 9. Qxe4 Re8 10. Qf3 Nc6 11. c3 Ne7 12. O-O Be6 13. Nf4 Bxf4 14. Bxf4 Nd5 15. Nd2 c6 16. Rfe1 Qd7 17. Be5 f6 18. Bf4 Bf7 19. a3 Rxe1+ 20. Rxe1 Re8 21. Re4 Rxe4 22. Qxe4 Qe6 23. Qxe6 Bxe6 24. Bg3 Nb6 25. b3 Nd5 26. c4 Nc3 27. Kf1 a5 28. a4 Na2 29. Bc7 Nc1 30. g4 Nxb3 31. Ne4 Bxc4+ 32. Ke1 Bd5 33. Nc3 Nxd4 34. Nxd5 cxd5 35. Bxa5 Nc6 36. Bb6 Kf7 37. Kd2 Ke6 38. f4 d4 39. Kd3 Kd5 40. Bc7 g6 41. h4 f5 42. gxf5 gxf5 43. Bb6 Nb4+ 44. Kd2 Ke4 45. Bc7 Nd5 46. Bd6 Nxf4 47. a5 h5 48. Bc7 Ng6 49. Bd8 f4 50. Ke2 f3+ 51. Kf2 Nf4 52. Bb6 d3 53. Bc5 Nd5 54. Ke1 Nc3 55. Bb4 Nd5 56. Bd2 Nf4 57. Kf2 Ng2 58. Kg3 Nxh4 59. Kf2 Nf5 60. Bc3 Nd6 61. Bb4 Nb5 62. Bd2 Nd4 63. Bh6 Nf5 64. Bf8 h4 65. Bb4 h3 66. Bc5 h2 67. a6 h1=Q 68. axb7 Qg2+ 69. Ke1 Qe2# 0-1


[Site "https://www.chess.com"]

[Event "Titled Tuesday Blitz May 31 Early 2022"]
[White "Plazuelo Pascual, Juan"]
[Black "Rahman, Adel"]
[WhiteFideId "32059566"]
[BlackFideId "14204177"]
[WhiteElo "2359"]
[BlackElo "2175"]
[Result "1-0"]
[Round "10"]
[TimeControl "180+1"]
[Date "2022.06.01"]
[WhiteClock "0:00:08"]
[BlackClock "0:00:03"]

1. d4 Nf6 2. c4 g6 3. Nc3 Bg7 4. e4 d6 5. f3 O-O 6. Be3 c5 7. dxc5 dxc5 8. Qxd8 Rxd8 9. Bxc5 Nc6 10. Be3 b6 11. Rc1 Ba6 12. Nh3 Rac8 13. Nf4 e6 14. b3 Nd7 15. Be2 Nc5 16. Kf2 Nb4 17. a3 Nbd3+ 18. Nxd3 Nxd3+ 19. Bxd3 Rxd3 20. Nb5 Rxb3 21. Nxa7 Rxc4 22. Rxc4 Bxc4 23. Rc1 Ba6 24. Nc8 h5 25. a4 b5 26. axb5 Bxb5 27. Nd6 Be5 28. Rc8+ Kg7 29. Bh6+ Kxh6 30. Nxf7+ Kg7 31. Nxe5 Rb2+ 32. Kg1 Rb1+ 33. Kf2 Rb2+ 34. Ke3 Rxg2 35. h4 g5 36. Rc7+ Kf6 37. hxg5+ Rxg5 38. f4 Rg7 39. Rc5 Be8 40. Rc8 Ke7 41. Rc7+ Kf8 42. Rc2 Rg3+ 43. Kf2 Rh3 44. Kg2 Ra3 45. Rc7 Re3 46. Rc4 h4 47. Kf2 Ra3 48. Rc7 h3 49. Rh7 Bb5 50. Rh6 Ke7 51. Ng6+ Kd6 52. Nf8 Bd7 53. f5 Ke7 54. Nxd7 Kxd7 55. Rxe6 1-0


[Site "https://www.chess.com"]

[Event "Titled Tuesday Blitz May 31 Early 2022"]
[White "Pranav, V"]
[Black "Maksimenko, Viktor"]
[WhiteFideId "25060783"]
[BlackFideId "13710478"]
[WhiteElo "2349"]
[BlackElo "2269"]
[Result "1/2-1/2"]
[Round "10"]
[TimeControl "180+1"]
[Date "2022.05.31"]
[WhiteClock "0:00:11"]
[BlackClock "0:00:51"]

1. e4 c6 2. d4 d5 3. e5 Bf5 4. Nf3 e6 5. Be2 c5 6. O-O Nc6 7. Be3 Qb6 8. Nc3 Qxb2 9. Nb5 c4 10. Qb1 Qxb1 11. Raxb1 O-O-O 12. Bd1 a6 13. Nc3 Bb4 14. Na4 b5 15. Nb2 Nge7 16. Ng5 Rdf8 17. a4 Bc3 18. g4 Bg6 19. axb5 axb5 20. f4 Bxd4 21. Bxd4 Nxd4 22. Ra1 Kb7 23. c3 Ndc6 24. Bf3 h6 25. Nh3 Ra8 26. Rae1 Ra2 27. Nd1 Bd3 28. Rf2 Rha8 29. f5 Kb6 30. fxe6 fxe6 31. Nf4 Nd8 32. Nxd3 cxd3 33. Re3 Rxf2 34. Nxf2 Nec6 35. Nxd3 Ra3 36. Nf4 d4 37. Re1 Rxc3 38. Be4 b4 39. Kf2 b3 40. Ne2 Rc5 41. Rb1 Rb5 42. Nc1 Nxe5 43. Nxb3 Ndc6 44. Ke2 Rb4 45. Bc2 d3+ 46. Bxd3 Nxd3 47. Kxd3 Na5 48. Nd2 Rxb1 49. Nxb1 Kc5 50. Ke4 Kd6 51. Nc3 Nb7 52. Nb5+ Ke7 53. Nd4 Kf6 54. h4 Nd6+ 55. Ke3 g5 56. hxg5+ hxg5 57. Nf3 Nf7 58. Nd2 Ne5 59. Ne4+ Kg6 60. Nf2 Nf7 61. Ke4 Kf6 62. Kd4 Nh6 63. Ne4+ Ke7 64. Nxg5 Nxg4 1/2-1/2


[Site "https://www.chess.com"]

[Event "Titled Tuesday Blitz May 31 Early 2022"]
[White "Przybylski, Wojciech"]
[Black "Vovk, Orest"]
[WhiteFideId "1117599"]
[BlackFideId "14113490"]
[WhiteElo "2133"]
[BlackElo "2203"]
[Result "0-1"]
[Round "10"]
[TimeControl "180+1"]
[Date "2022.06.01"]
[WhiteClock "0:00:08"]
[BlackClock "0:00:07"]

1. d4 e5 2. e3 Nc6 3. Nf3 e4 4. Nfd2 Nf6 5. c4 d5 6. Nc3 dxc4 7. Bxc4 Bb4 8. a3 Bxc3 9. bxc3 O-O 10. h3 Na5 11. Be2 Nd5 12. Qc2 f5 13. c4 Nf6 14. Bb2 b6 15. O-O c5 16. d5 Qd6 17. f4 Bd7 18. Be5 Qe7 19. Rad1 Be8 20. g4 fxg4 21. hxg4 Bd7 22. d6 Qe6 23. Nxe4 Nxg4 24. Ng5 Qh6 25. Bxg4 Bxg4 26. Rd2 Qg6 27. Qxg6 hxg6 28. Rc1 Nb3 29. Rcc2 Nxd2 30. Rxd2 Rad8 31. Kg2 Bc8 32. e4 Ba6 33. Rc2 Rf6 34. Kf3 Rfxd6 35. Bxd6 Rxd6 36. Ne6 Rxe6 37. e5 Re8 38. Kg4 Rd8 39. Kg5 Kf7 40. Re2 Bc8 41. Kh4 Rd4 42. Kg3 Be6 43. Rh2 Rxc4 44. Rh8 Rc3+ 45. Kf2 Rxa3 46. Rb8 Bd5 47. Rd8 Be4 48. Rd7+ Ke6 49. Rxg7 Rf3+ 50. Ke2 Rxf4 51. Ke3 Kxe5 52. Re7+ Kd6 53. Rxa7 Rh4 54. Ra6 Kc6 55. Ra7 Bf5 56. Ra8 Re4+ 57. Kd2 Re6 58. Kc3 Rd6 59. Rf8 Rd3+ 60. Kb2 Kb5 61. Re8 Rh3 62. Ka2 c4 63. Re2 Ka4 64. Re8 Rh2+ 65. Ka1 Rh1+ 66. Kb2 b5 67. Kc3 Rh3+ 68. Kd4 Rd3+ 69. Kc5 Kb3 70. Re1 Rd8 71. Kxb5 c3 72. Rd1 Rxd1 73. Kc5 c2 74. Kb5 c1=Q 75. Ka5 Qc5+ 76. Ka6 Ra1+ 77. Kb7 Ra7+ 78. Kb8 Qc7# 0-1


[Site "https://www.chess.com"]

[Event "Titled Tuesday Blitz May 31 Early 2022"]
[White "Reprintsev, Alexander"]
[Black "Lianes Garcia, Marcos"]
[WhiteFideId "14100541"]
[BlackFideId "32060777"]
[WhiteElo "2108"]
[BlackElo "2310"]
[Result "0-1"]
[Round "10"]
[TimeControl "180+1"]
[Date "2022.06.01"]
[WhiteClock "0:00:07"]
[BlackClock "0:00:04"]

1. e4 g6 2. d4 Bg7 3. Nc3 c5 4. dxc5 Bxc3+ 5. bxc3 Qa5 6. Qd4 Nf6 7. Bd2 Nc6 8. Qe3 b6 9. c4 Qxc5 10. Qxc5 bxc5 11. f3 d6 12. Bd3 Ba6 13. f4 O-O 14. Nf3 Nd7 15. Bc3 Nb6 16. Nd2 e5 17. O-O-O f6 18. g3 Kg7 19. h4 h5 20. a3 Rab8 21. Rhg1 Bc8 22. Be2 Nd4 23. Bxd4 cxd4 24. g4 hxg4 25. Bxg4 Kf7 26. h5 Bxg4 27. hxg6+ Kxg6 28. Rxg4+ Kf7 29. fxe5 dxe5 30. c5 Na4 31. Nb3 Rbc8 32. Rdg1 Ke6 33. Rg7 Rf7 34. Rg8 Rfc7 35. Rxc8 Rxc8 36. Rg7 Nxc5 37. Nxc5+ Rxc5 38. Rxa7 d3 39. Ra6+ Ke7 40. c3 Rxc3+ 41. Kd2 Rb3 42. a4 Ra3 43. a5 Kf7 44. Ra8 Kg6 45. a6 Kg5 46. Ke3 d2+ 47. Kxd2 Kf4 48. a7 Kxe4 49. Rf8 Rxa7 50. Rxf6 Ra2+ 51. Kd1 Ke3 52. Rh6 Rf2 53. Rh3+ Rf3 54. Rh1 e4 55. Ke1 Rg3 56. Rf1 Kd3 57. Rh1 e3 58. Kd1 Rg2 59. Rf1 e2+ 0-1


[Site "https://www.chess.com"]

[Event "Titled Tuesday Blitz May 31 Early 2022"]
[White "Rios Escobar, Adan"]
[Black "Ambartsumova, Karina"]
[WhiteFideId "3403645"]
[BlackFideId "4166299"]
[WhiteElo "2427"]
[BlackElo "2262"]
[Result "0-1"]
[Round "10"]
[TimeControl "180+1"]
[Date "2022.06.01"]
[WhiteClock "0:00:05"]
[BlackClock "0:00:05"]

1. d4 Nf6 2. g3 g6 3. Bg2 Bg7 4. e4 O-O 5. Ne2 d6 6. O-O c5 7. dxc5 dxc5 8. e5 Ng4 9. f4 Nc6 10. h3 Nh6 11. Be3 Qa5 12. g4 Rd8 13. Bd2 Qc7 14. Nbc3 b6 15. Nd5 Qd7 16. Qc1 Ba6 17. c4 Kh8 18. f5 Ng8 19. f6 exf6 20. exf6 Bf8 21. b3 Rac8 22. Bc3 b5 23. Bb2 bxc4 24. bxc4 Na5 25. Ne7 Nxc4 26. Nxc8 Qxc8 27. Bc3 Re8 28. Rf2 Ne3 29. Bf3 Qc7 30. Rb1 Bxe2 31. Rxe2 Qg3+ 32. Bg2 Bh6 33. Qe1 Qd6 34. Qf2 Qd3 35. Bd2 Qxb1+ 36. Re1 Qd3 37. Bf1 Qd4 38. Bg2 c4 39. Bc1 c3 40. h4 c2 41. g5 Bf8 42. Bxe3 Qd1 43. Bc1 Rxe1+ 44. Qxe1 Qxe1+ 45. Kh2 Qxc1 46. Kg3 Qf4+ 47. Kxf4 c1=Q+ 48. Kg3 Qd2 49. Bf3 Bd6+ 50. Kg4 Qf4+ 51. Kh3 Qg3# 0-1


[Site "https://www.chess.com"]

[Event "Titled Tuesday Blitz May 31 Early 2022"]
[White "Sadhwani, Raunak"]
[Black "Gunina, Valentina"]
[WhiteFideId "35093487"]
[BlackFideId "4167570"]
[WhiteElo "2616"]
[BlackElo "2381"]
[Result "0-1"]
[Round "10"]
[TimeControl "180+1"]
[Date "2022.05.31"]
[WhiteClock "0:00:03"]
[BlackClock "0:01:18"]

1. e4 c6 2. Nf3 d5 3. d3 Qc7 4. exd5 cxd5 5. c4 Nf6 6. Nc3 e6 7. g3 a6 8. a3 Be7 9. Bf4 Bd6 10. Bxd6 Qxd6 11. Bg2 O-O 12. O-O Nc6 13. b4 d4 14. Na4 e5 15. Nb6 Rb8 16. Nxc8 Rfxc8 17. Nd2 a5 18. c5 Qc7 19. Qb3 axb4 20. axb4 b6 21. Rfc1 bxc5 22. Rxc5 Qd7 23. Rac1 Ne7 24. Rxc8+ Nxc8 25. Nc4 Qb5 26. Na3 Qd7 27. b5 Nd6 28. b6 e4 29. dxe4 Nfxe4 30. Bxe4 Nxe4 31. Rc7 Qf5 32. f4 h5 33. b7 Nd6 34. Nc4 Qe6 35. Nxd6 Qxb3 36. Rc8+ Kh7 37. Rxb8 d3 38. Ne4 Qb6+ 39. Kg2 Qc7 40. Ng5+ Kg6 41. Re8 Qxb7+ 42. Nf3 Qb2+ 43. Kh3 f6 44. Rd8 Qf2 45. Nh4+ Kf7 46. f5 Qf1+ 0-1


[Site "https://www.chess.com"]

[Event "Titled Tuesday Blitz May 31 Early 2022"]
[White "Salinas Herrera, Pablo"]
[Black "Koellner, Ruben Gideon"]
[WhiteFideId "3407128"]
[BlackFideId "12993093"]
[WhiteElo "2541"]
[BlackElo "2539"]
[Result "0-1"]
[Round "10"]
[TimeControl "180+1"]
[Date "2022.06.01"]
[WhiteClock "0:00:27"]
[BlackClock "0:00:04"]

1. Nf3 Nf6 2. b3 d6 3. Bb2 e5 4. c4 Nbd7 5. g3 Be7 6. Bg2 O-O 7. O-O c6 8. d4 e4 9. Nfd2 d5 10. Nc3 Re8 11. Rc1 h5 12. cxd5 cxd5 13. Nb5 Rf8 14. Nc7 Rb8 15. f3 e3 16. Nb1 a6 17. Ba3 Nb6 18. Bxe7 Qxe7 19. Qe1 Qd6 20. Qa5 Bd7 21. Qc5 Qxc5 22. dxc5 Nc8 23. Rfd1 Ne7 24. f4 Bc6 25. Nc3 Rfd8 26. b4 d4 27. Nb1 Bxg2 28. Kxg2 Rbc8 29. Rc4 Rxc7 30. Rcxd4 Rcd7 31. Rxd7 Rxd7 32. Rxd7 Nxd7 33. Kf3 Nd5 34. a3 f5 35. h3 Kf7 36. a4 Ke6 37. Na3 Nxb4 38. Nc4 Nxc5 39. Nxe3 Nxa4 40. g4 hxg4+ 41. hxg4 g6 42. gxf5+ gxf5 43. Nc4 Nc5 44. Nb6 Nd5 45. Nc4 Nb4 46. Nb6 Nc6 47. e3 a5 48. Nc4 a4 49. Na3 Nb4 50. Nb5 Nd5 51. Ke2 Kd7 52. Kf3 Nc7 53. Nd4 a3 54. Nc2 a2 55. Ke2 Ke6 56. Kd2 Nd5 57. Ke2 b5 58. Nd4+ Kf6 59. Nxb5 a1=Q 60. Nd4 Qb2+ 61. Kf3 Qc3 62. Kg2 Qxe3 63. Nf3 Nxf4+ 64. Kg3 Ne2+ 65. Kh4 Qf4+ 66. Kh5 Qg4+ 67. Kh6 Qg6# 0-1


[Site "https://www.chess.com"]

[Event "Titled Tuesday Blitz May 31 Early 2022"]
[White "Sargsyan, Anna M."]
[Black "Rustemov, Alexander"]
[WhiteFideId "13308130"]
[BlackFideId "4119002"]
[WhiteElo "2271"]
[BlackElo "2798"]
[Result "0-1"]
[Round "10"]
[TimeControl "180+1"]
[Date "2022.05.31"]
[WhiteClock "0:00:11"]
[BlackClock "0:00:12"]

1. d4 f5 2. e4 fxe4 3. f3 d5 4. fxe4 dxe4 5. Nc3 Nf6 6. Bg5 g6 7. Qd2 Bg7 8. O-O-O Bf5 9. h3 h5 10. Nge2 Qd7 11. Kb1 Nc6 12. Rg1 O-O-O 13. a3 Kb8 14. Bf4 Nd5 15. Nxd5 Qxd5 16. g4 hxg4 17. hxg4 Be6 18. Nc3 Qxd4 19. Bxc7+ Kc8 20. Bxd8 Qxg1 21. Bxe7 Qd4 22. Qg5 Qe5 23. Bb5 Qxg5 24. Bxg5 Bxg4 25. Rg1 Bf5 26. Nd5 Re8 27. Be3 Re5 28. c4 a6 29. Ba4 Kd7 30. Rh1 Ke6 31. Rh7 Bf8 32. Rxb7 Rxd5 33. cxd5+ Kxd5 34. Rb6 Nd4 35. Rb8 Bc5 36. Rd8+ Ke5 37. b4 Ne6 0-1


[Site "https://www.chess.com"]

[Event "Titled Tuesday Blitz May 31 Early 2022"]
[White "Shohat, Yotam"]
[Black "Sokolovsky, Yahli"]
[WhiteFideId "2813955"]
[BlackFideId "2820242"]
[WhiteElo "2119"]
[BlackElo "1770"]
[Result "1-0"]
[Round "10"]
[TimeControl "180+1"]
[Date "2022.06.01"]
[WhiteClock "0:00:03"]
[BlackClock "0:00:04"]

1. e4 g6 2. d4 Bg7 3. Nc3 d6 4. f4 a6 5. Nf3 b5 6. Bd3 Bb7 7. a4 b4 8. Ne2 c5 9. c3 a5 10. O-O e6 11. e5 Ne7 12. Ng3 O-O 13. Ne4 Bxe4 14. Bxe4 d5 15. Bc2 c4 16. Qe1 b3 17. Bd1 f5 18. h3 Nd7 19. g4 Nb6 20. Qh4 Qd7 21. Kh2 h6 22. Rg1 Rf7 23. Qg3 fxg4 24. hxg4 Raf8 25. Nh4 Nxa4 26. Rg2 Qb5 27. Be3 Nb6 28. f5 exf5 29. gxf5 Nxf5 30. Nxf5 gxf5 31. Bh5 Ra7 32. Rag1 f4 33. Bxf4 Rf5 34. Bg6 Rxf4 35. Qxf4 Qd7 36. Bh7+ Kh8 37. Rxg7 Qxg7 38. Rxg7 Rxg7 39. Bf5 Rf7 40. Qg4 Rg7 41. Qh4 Kg8 42. Qd8+ Kf7 43. e6# 1-0


[Site "https://www.chess.com"]

[Event "Titled Tuesday Blitz May 31 Early 2022"]
[White "Sismeiro, Miguel"]
[Black "Maiorov, Nikita"]
[WhiteFideId "1950975"]
[BlackFideId "13501720"]
[WhiteElo "2031"]
[BlackElo "2417"]
[Result "1-0"]
[Round "10"]
[TimeControl "180+1"]
[Date "2022.05.31"]
[WhiteClock "0:00:38"]
[BlackClock "0:00:01"]

1. e4 c6 2. d4 d5 3. e5 Bf5 4. Nd2 e6 5. Nb3 Nd7 6. Nf3 h6 7. Be2 Ne7 8. O-O Bh7 9. a4 Ng6 10. a5 Be7 11. c4 dxc4 12. Bxc4 O-O 13. Qe2 Re8 14. Be3 Bf8 15. Bd3 Ne7 16. Bxh7+ Kxh7 17. Nbd2 Nd5 18. Ne4 Kg8 19. g4 Be7 20. Kh1 Nf8 21. g5 Nxe3 22. Qxe3 hxg5 23. Rg1 Qd5 24. Nfxg5 f5 25. exf6 Bxf6 26. Nf3 Nh7 27. Rac1 b6 28. Rg2 Rad8 29. Nxf6+ Nxf6 30. Ne5 c5 31. Qg5 Re7 32. f3 Rf8 33. Ng6 Rff7 34. Nxe7+ Rxe7 35. Qxf6 Rf7 36. Qe5 1-0


[Site "https://www.chess.com"]

[Event "Titled Tuesday Blitz May 31 Early 2022"]
[White "Sjugirov, Sanan"]
[Black "Hasangatin, Ramil"]
[WhiteFideId "4189302"]
[BlackFideId "4122160"]
[WhiteElo "2602"]
[BlackElo "2399"]
[Result "1-0"]
[Round "10"]
[TimeControl "180+1"]
[Date "2022.05.31"]
[WhiteClock "0:00:08"]
[BlackClock "0:00:04"]

1. e4 d5 2. exd5 Qxd5 3. Nc3 Qd6 4. d4 Nf6 5. Nf3 c6 6. Ne5 Nbd7 7. Nc4 Qc7 8. a4 a5 9. g3 Nb6 10. Ne5 Be6 11. Bg2 g6 12. O-O Bg7 13. Nd3 O-O 14. Nc5 Bg4 15. Qe1 Nbd5 16. Nxd5 cxd5 17. Bf4 Qc6 18. c3 b6 19. Nd3 Qc4 20. Ne5 Qb3 21. Nxg4 Nxg4 22. Qe2 Nf6 23. Ra3 Qc4 24. Qxc4 dxc4 25. Bxa8 Rxa8 26. Be5 Nd5 27. Bxg7 Kxg7 28. Re1 e6 29. Kg2 Rc8 30. Raa1 Rb8 31. Re2 g5 32. Rh1 h5 33. Re5 Kg6 34. h4 g4 35. Rhe1 b5 36. axb5 Rxb5 37. R5e2 a4 38. Ra1 Nb6 39. Kf1 f6 40. Ke1 Kf7 41. Kd1 Ke7 42. Kc2 Kd6 43. Rae1 e5 44. dxe5+ fxe5 45. Rd1+ Nd5 46. Re4 Rc5 47. Rde1 Nb6 48. Rf1 Kd5 49. Re2 Ke6 50. f3 gxf3 51. Rxf3 Nd5 52. Rf8 Nf6 53. Ra8 Kf5 54. Rxa4 Ne4 55. Re3 Nf6 56. Ra8 Nd5 57. Re2 e4 58. Rf8+ Kg4 59. Rxe4+ Kxg3 60. Kd2 Nc7 61. Rg8+ Kf3 62. Re3+ Kf4 63. Re1 Rd5+ 64. Kc2 Nb5 65. Rf8+ Kg3 66. Re3+ Kg2 67. Re2+ Kg3 68. Re3+ Kg2 69. Re4 Nd6 70. Rd4 Rxd4 71. cxd4 Kg3 72. d5 Kxh4 73. Rf6 Ne4 74. Rf4+ Kg5 75. Rxe4 h4 76. Rxh4 1-0


[Site "https://www.chess.com"]